 Dungeon Crawl Stone Soup version 0.31-a0-441-g867994ef1c (webtiles) character file.

Game seed: 15364772095188045174

11 Xavori the Trooper (level 2, 22/24 HPs)
             Began as a Demonspawn Chaos Knight on Aug 2, 2023.
             Was a Plaything of Xom.
             Quit the game on level 1 of the Dungeon.
             The game lasted 00:00:12 (141 turns).

Xavori the Trooper (Demonspawn Chaos Knight)         Turns: 141, Time: 00:00:13

Health: 22/24      AC:  5    Str: 12    XL:     2   Next: 17%
Magic:  2/2        EV: 11    Int: 13    God:    Xom [..*...]
Gold:   0          SH:  0    Dex: 12    Spells: 1/1 levels left

rFire   . . .        a - +0 falchion (chaos)
rCold   . . .        (no shield)
rNeg    . . .        b - +2 leather armour
rPois   .            (no helmet)
rElec   .            (no cloak)
rCorr   .            (no gloves)
SInv    .            (no boots)
Will    .....        (no amulet)
Stlth   +            (no ring)
HPRegen 0.24/turn    (no ring)
MPRegen 0.08/turn

%: no passive effects
@: no status effects
A: weakness stinger 1
a: Renounce Religion


You were on level 1 of the Dungeon.
You worshipped Xom.
You were a toy of Xom.
You visited 1 branch of the dungeon, and saw 1 of its levels.

Inventory:

Hand Weapons
 a - a +0 falchion of chaos (weapon)
Armour
 b - a +2 leather armour (worn)
Scrolls
 c - a scroll of butterflies
 e - a scroll of identify {unknown}
Potions
 d - a potion of lignification {unknown}


   Skills:
 + Level 3.2 Fighting
 + Level 3.0 Long Blades
 + Level 1.9 Armour
 + Level 1.0 Dodging


You had one spell level left.
You didn't know any spells.
Your spell library was empty.

Dungeon Overview and Level Annotations

Branches:
Dungeon (1/15)

Altars:


Innate Abilities, Weirdness & Mutations

You have a small tail.


Message History

No target in view!
No target in view!
You see here a frilled lizard corpse.
e - a scroll labelled NIYKKE XALLOL No target in view!
A kobold comes into view. It is wielding a +0 dagger.
The kobold throws a stone.
The stone hits you but does no damage.
A kobold is nearby!
A frilled lizard comes into view.
The kobold throws a stone.
The stone hits you but does no damage.
There are monsters nearby!
The kobold throws a stone.
The stone barely misses you.
There are monsters nearby!
A goblin comes into view. It is wielding a +0 club.
The frilled lizard hisses angrily.
A quokka comes into view.
The frilled lizard bites you but does no damage.
You hit the frilled lizard.
You kill the frilled lizard!
Your Long Blades skill increases to level 3!
You have reached level 2!
You feel monstrous as your demonic heritage exerts itself.
Your demonic ancestry asserts itself...
You grow a small tail.
You barely miss the quokka.
Your tail-slap misses the quokka.
The quokka bites you.
You hit the quokka. Lightning courses through the quokka!
You kill the quokka!
Unknown command.
You hit the kobold but do no damage.
Space warps horribly around the kobold!
You kill the kobold!
The goblin closely misses you. The goblin barely misses you.
Unknown command.
You hit the goblin but do no damage. The goblin hits you but does no damage.
Unknown command.
You hit the goblin. You burn the goblin.
You kill the goblin!
No target in view!
No target in view!
Are you sure you want to abandon this character and quit the game? (Confirm with "yes".)

.##
#...†..#####.##### #
..# #......# #...
.#.# #.# #......#
..##.#.# ..#
#......######.#....#
#.#
#.................#
..#
#.....#######.....#
#.#
#######.....#.....#
..# #...#)#...#. #.#
#...@)........ ..#
#.......#.####
>.######
#.#####.#...
.......# # ......
.(.....# .......
<......# ....###
.......# ##.#
.......# ########


There were no monsters in sight!

Vanquished Creatures
  A giant cockroach (D:1)
  3 goblins (D:1)
  2 kobolds (D:1)
  A quokka (D:1)
  A ball python (D:1)
  3 frilled lizards (D:1)
11 creatures vanquished.

Notes
Turn   | Place    | Note
-------+----------+-------------------------------------------
     0 | D:1      | Xavori the Demonspawn Chaos Knight began the quest for the
                  | Orb.
     0 | D:1      | Reached XP level 1. HP: 18/18 MP: 1/1
    12 | D:1      | Reached skill level 1 in Dodging
    63 | D:1      | XOM: silly message
   136 | D:1      | Discovered your monstrous ancestry.
   136 | D:1      | Gained mutation: You have a small tail. [demonic ancestry]
   136 | D:1      | Reached XP level 2. HP: 24/24 MP: 2/2
   141 | D:1      | Quit the game

Illustrated notes

Levels and vault maps discovered:
D:1:      lemuel_arrival_hallway, layout_basic, minmay_strange_pillars,
          chequers_serial_rivers_micro_b, minmay_pentomino_t2

Skill      XL: |  1 |
---------------+----+-----
Dodging        | 1 |  1.0
Long Blades    | 3 |  3.0
Fighting       | |  3.2
Armour         | |  1.9

Action                     || total
---------------------------++-------
  Melee: Falchion          ||    20
 Armour: Leather armour    ||     7
  Dodge: Dodged            ||    12

Table legend: (Time is in decaauts)
 A = Elapsed time spent in this place.
 B = Non-inter-level travel time spent in this place.
 C = Inter-level travel time spent in this place.
 D = Time resting spent in this place.
 E = Time spent auto-exploring this place.
 F = Levels seen in this place.
 G = Mean time per level.
                   A        B        C        D        E       F      G
               +--------+--------+--------+--------+--------+-----+--------+
         Total |    144 |    144 |      0 |      0 |     95 |   1 |  144.0 |
       Dungeon |    144 |    144 |      0 |      0 |     95 |   1 |  144.0 |
               +--------+--------+--------+--------+--------+-----+--------+

Top non-repeatable levels by time:
     D:1: 144 daAuts
